 Dungeon Crawl Stone Soup version 0.15.0 (console) character file.

10184203 John the Invulnerable (level 27, 218/218 HPs)
             Began as a Gargoyle Fighter on Aug 29, 2014.
             Was the Champion of Okawaru.
             Escaped with the Orb
             ... and 15 runes on Sept 2, 2014!
             The game lasted 18:11:14 (164478 turns).

John the Invulnerable (Gargoyle Fighter)          Turns: 164478, Time: 18:11:15

HP 218/218       AC 81     Str 28      XL: 27
MP  44/44        EV 12     Int 11      God: Okawaru [******]
Gold 7361        SH  0     Dex 14      Spells:  9 memorised, 45 levels left

rFire  + . .     SeeInvis +     N - +8 battleaxe (holy)
rCold  + . .     Clarity  +     K - +12 gold dragon armour
rNeg   + + .     rCorr    .     (no shield)
rPois  +         rRot     +     O - +2 helmet {SInv}
rElec  +         Spirit   .     P - +3 cloak of Flash {+Fly EV+4}
SustAb +         Warding  .     a - +0 pair of gloves of the Sparrow {Str+3 Dex+2}
rMut   .         Stasis   .     f - +2 pair of boots {run}
Gourm  .                        U - amulet of the Four Winds {Clar rN+ MR+++}
MR     +++++                    E - +6 ring of protection
                                Z - ring of sustain abilities

@: slightly contaminated, glowing, repel missiles, quick, almost entirely
resistant to hostile enchantments, extremely unstealthy
A: able to fly continuously, big wings, rough black scales 1, yellow scales 1,
berserk 1, deformed body, low mp 1, negative energy resistance 1, robust 1,
electricity resistance, slow healing 2, weak 1, unbreathing, petrification
resistance, rot immunity, AC +20
a: Fly, Heroism, Finesse, Renounce Religion, Evoke Flight
0: Orb of Zot
}: 15/15 runes: decaying, serpentine, slimy, silver, golden, iron, obsidian,
icy, bone, abyssal, demonic, glowing, magical, fiery, dark


You escaped.
You worshipped Okawaru.
Okawaru was exalted by your worship.
You were very full.

You visited 17 branches of the dungeon, and saw 96 of its levels.
You visited Pandemonium 1 time, and saw 29 of its levels.
You visited the Abyss 3 times.
You also visited: Bailey and Ice Cave.

You collected 11676 gold pieces.
You spent 4315 gold pieces at shops.

Inventory:

Hand weapons
 d - a +9 great mace of holy wrath
 N - a +8 battleaxe of holy wrath (weapon)
Missiles
 Y - 12 silver javelins (quivered)
Armour
 a - the +0 pair of gloves of the Sparrow (worn) {Str+3 Dex+2}
   (You found it on level 3 of the Crypt)

   It affects your strength (+3).
   It affects your dexterity (+2).
 f - a +2 pair of boots of running (worn)
 h - the +1 pair of boots of Leaddiwk {+Rage MR++}
   (You found it on level 3 of the Crypt)

   It affects your resistance to hostile enchantments.
   It lets you go berserk.
 K - a +12 gold dragon armour (worn)
 O - a +2 helmet of see invisible (worn)
 P - the +3 cloak of Flash (worn) {+Fly EV+4}
   (Okawaru gifted it to you on level 8 of the Lair of Beasts)

   It affects your evasion (+4).
   It lets you fly.
Magical devices
 p - a wand of digging (2)
 x - a wand of teleportation (4)
 B - a wand of hasting (2)
 C - a wand of heal wounds (3)
 T - a wand of teleportation (0)
Comestibles
 v - 10 bread rations
 Q - 8 meat rations
Scrolls
 c - 6 scrolls of remove curse
 g - 7 scrolls of fear
 i - 10 scrolls of fog
 k - 11 scrolls of identify
 w - 3 scrolls of holy word
 L - 2 scrolls of magic mapping
 M - a scroll of silence
 R - 2 scrolls of summoning
 V - 3 scrolls of blinking
 X - 2 scrolls of vulnerability
Jewellery
 l - an uncursed amulet of resist mutation
 o - a cursed ring of positive energy
 r - an uncursed amulet of warding {unknown}
 t - an uncursed ring of regeneration
 u - an uncursed ring of teleport control
 y - a cursed +4 ring of evasion
 A - the ring "Priff" {rF+ Dex+2}
   (You took it off a yaktaur captain on level 5 of the Vaults)

   [ring of dexterity]

   It affects your dexterity (+2).
   It protects you from fire.
 D - the cursed ring of the Mage {Wiz MR++ Int+3}
   (You found it on level 5 of the Vaults)

   [ring of wizardry]

   It improves your spell success rate.
   It affects your intelligence (+3).
   It affects your resistance to hostile enchantments.
   It has a curse placed upon it.
 E - a +6 ring of protection (right hand)
 F - an uncursed ring of protection from cold
 J - an uncursed ring of protection from fire
 U - the amulet of the Four Winds (around neck) {Clar rN+ MR+++}
   (You found it on level 7 of the Iron City of Dis)

   [amulet of clarity]

   It provides mental clarity.
   It protects you from negative energy.
   It affects your resistance to hostile enchantments.
 Z - a ring of sustain abilities (left hand)
Potions
 b - 4 potions of might
 e - 3 potions of cure mutation
 j - 11 potions of curing
 m - 2 potions of restore abilities
 n - 3 potions of brilliance
 q - 6 potions of magic
 s - 9 potions of agility
 z - a potion of haste
 G - 4 potions of berserk rage
 H - a potion of cancellation
 I - 3 potions of invisibility
 S - 11 potions of resistance


   Skills:
 O Level 27 Fighting
 - Level 25.0(27) Axes
 - Level 22.4(27) Maces & Flails
 - Level 12.0 Throwing
 O Level 27 Armour
 + Level 11.5 Dodging
   Level 3.2 Shields
 - Level 25.0 Spellcasting
 - Level 13.1 Charms
 - Level 23.1 Translocations
 - Level 5.0 Air Magic
 - Level 4.1 Invocations


You had 45 spell levels left.
You knew the following spells:

 Your Spells              Type           Power        Failure   Level  Hunger
a - Repel Missiles        Chrm/Air       ####..       1%          2    None
b - Summon Butterflies    Summ           ##......     24%         1    None
c - Swiftness             Chrm/Air       ####....     1%          2    None
d - Phase Shift           Tloc           ######....   1%          5    ###....
e - Control Teleport      Chrm/Tloc      ######....   1%          4    None
f - Controlled Blink      Tloc           N/A          2%          7    #######
g - Apportation           Tloc           ######....   0%          1    None
h - Regeneration          Chrm/Necr      ####......   6%          3    None
i - Haste                 Chrm           #####...     17%         6    #####..


Dungeon Overview and Level Annotations

Branches:
Dungeon (15/15)            Temple (0/1) D:7             Orc (4/4) D:10
    Elf (3/3) Orc:4          Lair (8/8) D:9           Swamp (5/5) Lair:3
  Snake (5/5) Lair:3        Slime (6/6) Lair:8       Vaults (5/5) D:13
  Crypt (3/3) Vaults:3       Tomb (3/3) Crypt:3      Depths (5/5) D:15
   Hell (1/1)                 Dis (7/7) Hell            Geh (7/7) Hell
    Coc (7/7) Hell            Tar (7/7) Hell            Zot (5/5) Depths:5

Altars:
Ashenzari
Dithmenos
Elyvilon
Kikubaaqudgha
Makhleb
Nemelex Xobeh
Okawaru
Qazlal
Trog
Xom
Yredelemnul
Zin
Jiyva

Shops:
D:4 %(   D:5 *(   Orc:2 ((}(   Orc:4 :*[(   Elf:2 %   Snake:4 *   Vaults:2 (
Vaults:3 }   Vaults:5 *

Portals:
Hell: Depths:1 Depths:2 Depths:3 Depths:4 Depths:5
Abyss: Depths:2 Depths:4 Depths:5
Pandemonium: Depths:1 Depths:3 Depths:4
Ziggurat: Depths:1

Annotations:
D:8 Erolcha
Zot:5 exclusion: 2 orange crystal statues


Innate Abilities, Weirdness & Mutations

You are resistant to torment.
You are immune to poison.
You can fly continuously.
Your stone body is very resilient (AC +20).
Your wings are large and strong.
You resist negative energy.
You are resistant to electric shocks.
You can survive without breathing.
You are immune to petrification.
You are immune to rotting.
You are partially covered in rough black scales (AC +4, Dex -1).
You are partially covered in yellow scales (AC +2).
You tend to lose your temper in combat.
Armour fits poorly on your strangely shaped body.
Your magical capacity is low (-10% MP).
You are robust (+10% HP).
You do not heal naturally when monsters are visible.
You are weak. (Str -2)


Message History

There is a stone staircase leading down here.
You start to feel a little slower.
Magic restored.
You feel sluggish.
Your extra speed is starting to run out.
You feel yourself slow down.
You start to feel a little faster.
You no longer feel sluggish.
A kobold comes into view. It is wielding a whip.
The kobold shouts!
You carve the kobold like a ham!!!
You kill the kobold!
Your body shudders with the violent release of wild energies!
You feel less energetic.
There is a staircase leading out of the dungeon here.
Unknown command.
Enter note: yeeeeeessssss Unknown command.
Unknown command.
You have escaped!

▒▒▒▒ ▒▒▒∙@▒
▒▒▒▒∙∙∙▒▒
▒▒▒▒▒∙∙∙∙∙▒▒
▒▒▒▒▒▒∙∙∙∙)∙∙∙▒▒
∙∙∙∙∙∙∙∙∙∙∙∙∙▒▒
∙∙∙∙∙∙∙∙∙∙∙▒▒▒
∙∙∙∙∙∙∙∙▒▒▒▒
∙∙∙∙∙▒▒▒▒ ∙▒▒▒▒▒


There were no monsters in sight!

Vanquished Creatures
  Antaeus (Coc:7)
  Asmodeus (Geh:7)
  the royal jelly (Slime:6)
  Ereshkigal (Tar:7)
  Mnoleg (Pan)
  Lom Lobon (Pan)
  Dispater (Dis:7)
  9 orbs of fire
  Dissolution (Slime:5)
  Khufu (Tomb:3)
  Mara (twice) (Depths:4 Depths:3)
  the Serpent of Hell (Coc:7)
  13 ancient liches
  37 greater mummies
  Saint Roka (Snake:5)
  6 pandemonium lords
  7 curse toes
  Sojobo (Crypt:1)
  Norris (Vaults:1)
  2 Killer Klowns
  Mennas (Vaults:2)
  Geryon (Hell)
  7 golden dragons
  8 bone dragons
  5 electric golems
  Xtahua (Vaults:3)
  20 Brimstone Fiends
  Frederick (Tomb:3)
  the Enchantress (D:15)
  Nikola (Snake:2)
  12 Hell Sentinels
  29 Orb Guardians
  15 Ice Fiends
  15 tentacled monstrosities
  Vashnia (Snake:2)
  3 deep elf blademasters
  2 deep elf master archers (Elf:3)
  A quicksilver dragon (Depths:3)
  12 liches
  6 titans
  15 acid blobs
  5 eldritch tentacles
  19 storm dragons
  16 Shadow Fiends
  10 sphinxes
  9 tengu reavers
  17 Executioners
  5 tentacled starspawn
  A warmonger (Pan)
  Rupert (Snake:1)
  Agnes (Snake:3)
  11 shadow dragons
  A thorn hunter (Swamp:2)
  13 ancient champions
  6 draconian monks
  9 greater nagas
  11 fire giants
  17 frost giants
  10 azure jellies
  Wiglaf (Vaults:5)
  7 ghost moths
  3 revenants
  Maud (Lair:3)
  25 balrugs
  4 draconian scorchers
  8 deep elf sorcerers
  An orc warlord (Orc:4)
  4 emperor scorpions
  15 iron dragons
  Aizul (Snake:3)
  Louise (Snake:5)
  6 draconian zealots
  15 cacodemons
  16 vault wardens
  Gastronok (Lair:2)
  8 draconian knights
  Jorgrun (Crypt:2)
  6 ghouls
  8 draconian annihilators
  6 blood saints (Pan)
  59 reapers
  6 spriggan defenders
  5 draconian shifters
  20 very ugly things
  7 draconian callers
  2 vampire knights
  9 salamander firebrands
  12 deep elf demonologists
  6 curse skulls
  17 war gargoyles
  8 grey draconians
  6 corrupters (Pan)
  10 green draconians
  A dire elephant (Depths:3)
  23 stone giants
  4 chaos champions (Pan)
  14 deep elf annihilators
  11 purple draconians
  Azrael (Snake:3)
  5 mottled draconians
  7 red draconians
  6 black draconians
  5 white draconians
  7 lorocyprocas
  9 yellow draconians
  2 unborn
  10 pale draconians
  7 green deaths
  11 deep elf death magi
  5 black suns (Pan)
  15 ettins
  Snorg (Elf:2)
  4 eidola
  29 mummy priests
  3 minotaurs
  3 deep elf high priests
  A kraken zombie (Coc:5)
  24 fire dragons
  8 quicksilver dragon zombies
  28 vault guards
  Josephine (D:10)
  12 yaktaur captains
  19 blizzard demons
  27 hydras
  20 ironheart preservers
  16 jiangshi
  10 death cobs
  2 death oozes (Slime:6)
  Fannar (Lair:2)
  32 ice dragons
  5 quicksilver dragon skeletons
  22 ogre magi
  14 great orbs of eyes
  25 naga warriors
  11 centaur warriors
  6 deep troll earth magi
  5 monstrous demonspawn (Pan)
  Nessos (Elf:2)
  A shambling mangrove (Swamp:5)
  11 rakshasas
  A ghost crab (Crypt:1)
  11 deep troll shamans
  37 death yaks
  5 spriggan air magi
  7 anacondas
  12 alligators
  4 death knights
  5 tengu warriors
  9 shock serpents
  3 vampire magi
  6 spriggan berserkers
  3 orc high priests (Orc:4)
  The ghost of puimuR the Severer, an experienced HOHe of Elyvilon (Lair:3)
  6 thrashing horrors
  Urug (D:11)
  20 hell hogs
  A spectral storm dragon (Vaults:5)
  7 titan zombies
  2 catoblepae
  24 naga sharpshooters
  Nergalle (Lair:3)
  5 titan skeletons
  24 shadow wraiths
  11 deep elf knights
  3 fire crabs (shapeshifter)
  17 spriggans
  7 iron golems
  4 storm dragon zombies
  35 soul eaters
  30 hell knights
  A wretched star (Abyss:1)
  7 salamander mystics
  42 ice devils
  13 wizards
  10 infernal demonspawn (Pan)
  93 skeletal warriors
  13 iron trolls
  8 anaconda zombies
  5 storm dragon skeletons
  An orb spider (shapeshifter) (Vaults:2)
  39 sun demons
  A ball lightning (Pan)
  2 spriggan druids
  A deep troll (shapeshifter) (Depths:3)
  2 fire crabs
  10 deep elf summoners
  3 ghost moth zombies
  3 golden dragon zombies
  4 gelid demonspawn (Pan)
  7 giant orange brains
  2 swamp dragons (shapeshifter)
  15 swamp dragons
  18 deep trolls
  2 lindwurms (shapeshifter)
  5 naga ritualists
  17 flayed ghosts
  27 ironbrand convokers
  8 unseen horrors
  2 ice statues
  23 orc knights
  16 shadow demons
  A spectral iron dragon (Crypt:3)
  A spectral hydra (Vaults:5)
  A death drake (Tar:4)
  9 putrid demonspawn (Pan)
  31 large abominations
  21 necromancers
  A hill giant (shapeshifter) (Depths:3)
  13 hill giants
  A golden dragon skeleton (Crypt:1)
  6 torturous demonspawn (Pan)
  2 shadow dragon zombies
  8 deathcaps
  A spectral wolf spider (Tomb:2)
  5 anaconda skeletons
  3 hell hog zombies (Geh:7)
  A sphinx zombie (Vaults:5)
  9 fire giant zombies
  5 wolf spider zombies
  7 stone giant zombies
  5 orc sorcerers
  3 red wasps
  5 iron dragon zombies
  52 ugly things
  A lindwurm (Zot:2)
  7 mana vipers
  3 tengu skeletons
  22 deep elf conjurers
  3 harpies (shapeshifter)
  A sphinx skeleton (Crypt:3)
  5 griffons
  6 frost giant zombies
  13 manticores
  31 phantasmal warriors
  A shadow dragon skeleton (Geh:5)
  A draconian zombie (Zot:5)
  A faun (shapeshifter) (Vaults:5)
  30 hellions
  26 moths of wrath
  9 cyclopes
  7 shining eyes
  A black mamba (shapeshifter) (Elf:3)
  A worldbinder (Abyss:1)
  8 frost giant skeletons
  11 hell beasts
  7 stone giant skeletons
  A draconian (shapeshifter) (Vaults:5)
  33 salamanders
  2 shock serpent zombies
  3 iron dragon skeletons
  3 wolf spiders
  Maurice (D:11)
  2 centaur zombies
  6 fire giant skeletons
  8 molten gargoyles
  21 sixfirhies
  Joseph (Orc:4)
  2 apocalypse crabs
  4 dire elephant zombies
  3 storm dragon simulacra
  34 smoke demons
  32 tormentors
  29 black mambas
  2 titan simulacra (Coc:7)
  An alligator snapping turtle zombie (Crypt:3)
  22 vault sentinels
  2 shock serpent skeletons
  A torpor snail (shapeshifter) (Vaults:5)
  2 torpor snails
  52 orange demons
  6 guardian serpents
  A guardian serpent (shapeshifter) (Depths:3)
  An orange crystal statue (Tomb:1)
  2 eyes of devastation
  2 spiny frogs (shapeshifter)
  A death yak zombie (Hell)
  38 iron devils
  31 naga magi
  Psyche (D:11)
  3 dire elephant skeletons
  4 gargoyles
  A green draconian zombie (Zot:5)
  A grey draconian zombie (Zot:5)
  A redback zombie (Vaults:4)
  19 komodo dragons
  26 spiny frogs
  An emperor scorpion zombie (Geh:4)
  A feature mimic (D:12)
  2 kobold demonologists (D:13)
  5 anaconda simulacra
  9 fire drakes
  An item mimic (D:11)
  112 guardian mummies
  An elf (shapeshifter) (Vaults:5)
  2 ancient zymes (Abyss:2)
  7 demonic crawlers
  5 efreet
  20 hellwings
  51 yaktaurs
  A queen bee (shapeshifter) (Vaults:1)
  20 deep elf priests
  41 red devils
  A black draconian skeleton (Tomb:2)
  A yaktaur skeleton (Vaults:4)
  44 freezing wraiths
  A green draconian skeleton (Crypt:3)
  9 silent spectres
  26 wandering mushrooms
  7 baby alligators
  A spectral jumping spider (Tomb:3)
  2 tengu conjurers (Depths:4)
  3 harpy zombies
  31 two-headed ogres
  A polar bear (Lair:4)
  2 catoblepas zombies
  A wolf spider simulacrum (IceCv)
  Sonja (Orc:3)
  13 hydra zombies
  6 trolls
  A troll (shapeshifter) (Elf:1)
  A baby alligator (shapeshifter) (Depths:1)
  15 giant leeches
  4 hydra skeletons
  A raiju (shapeshifter) (Depths:2)
  A shadow dragon simulacrum (Vaults:4)
  186 slime creatures
  4 wind drakes (Depths:5)
  24 blue devils
  2 jumping spiders (Elf:3)
  36 blink frogs
  12 ettin zombies
  2 frost giant simulacra
  3 harpy skeletons
  10 ravens
  9 bog bodies
  A blink frog (shapeshifter) (Vaults:4)
  7 boulder beetles
  6 ice dragon zombies
  8 fire dragon zombies
  A tarantella (shapeshifter) (Vaults:2)
  2 catoblepas skeletons
  The ghost of John the Chopper, an average GrFi (D:4)
  7 alligator zombies
  An air elemental (Crypt:1)
  6 basilisks
  A griffon skeleton (D:13)
  22 redbacks
  3 black mamba zombies
  A redback (shapeshifter) (Vaults:3)
  5 fire dragon skeletons
  105 flying skulls
  6 ice dragon skeletons
  2 raiju
  4 ettin skeletons
  10 water elementals
  An alligator skeleton (Hell)
  A shapeshifter (Depths:2)
  47 shadows
  13 vampires
  A trapdoor spider (D:11)
  2 satyr skeletons (Crypt:1)
  31 fire elementals
  7 tarantellas
  5 wyverns
  13 ynoxinuls
  A golden eye (shapeshifter) (D:13)
  50 wraiths
  65 yaks
  19 humans (D:13)
  A hill giant zombie (Hell)
  32 deep elf magi
  A hog (shapeshifter) (Vaults:2)
  3 black mamba skeletons
  A death yak simulacrum (IceCv)
  A hippogriff (shapeshifter) (D:14)
  28 neqoxecs
  39 deep elf fighters
  11 chaos spawn
  12 hippogriffs
  11 wargs
  3 spatial vortices (Geh:5)
  14 hungry ghosts
  26 golden eyes
  2 soldier ants
  2 hill giant skeletons
  60 nagas
  25 swamp worms
  56 vampire mosquitoes
  2 deep troll zombies
  2 merfolk zombies
  48 water moccasins
  59 hell hounds
  8 wolves
  22 small abominations
  2 catoblepas simulacra
  A deep troll skeleton (Vaults:5)
  7 spiny frog zombies
  11 porcupines
  3 hydra simulacra
  An orb spider zombie (Crypt:3)
  55 orc warriors
  2 black bears
  4 phantoms
  A mottled dragon (Vaults:1)
  2 spiny frog skeletons
  17 ice beasts
  3 sky beasts
  3 manticore zombies
  6 spiders
  18 swamp drakes
  8 snapping turtle zombies
  12 human zombies
  4 boggarts
  A swamp dragon zombie (Geh:4)
  71 ogres
  2 manticore skeletons
  39 necrophages
  22 centaurs
  An ettin simulacrum (Vaults:5)
  A crocodile (shapeshifter) (Elf:2)
  28 crocodiles
  A boring beetle (shapeshifter) (Depths:5)
  15 yellow wasps
  A lost soul (Hell)
  A boring beetle (Lair:8)
  2 elf zombies
  3 big kobolds
  40 giant frogs
  A glowing shapeshifter simulacrum (Vaults:4)
  A fire drake skeleton (Crypt:3)
  A fire drake zombie (Crypt:2)
  4 brain worms
  Blork the orc (D:9)
  A hell hound zombie (Tar:3)
  A giant frog (shapeshifter) (Vaults:3)
  A gnoll sergeant (D:9)
  6 human skeletons
  A spiny frog simulacrum (Coc:6)
  A wyvern zombie (Crypt:1)
  15 insubstantial wisps
  A merfolk simulacrum (Tomb:3)
  A cyclops skeleton (D:14)
  A deep troll simulacrum (Vaults:3)
  A wyvern skeleton (D:10)
  23 killer bees
  6 scorpions
  7 eyes of draining
  An eye of draining (shapeshifter) (Depths:5)
  A troll zombie (Vaults:1)
  A spriggan zombie (Coc:2)
  38 wights
  A spriggan skeleton (Geh:3)
  4 troll skeletons
  4 goliath beetles
  A giant frog zombie (D:13)
  4 quasits
  6 electric eels
  20 crimson imps
  13 starcursed masses
  8 hounds
  33 jellies
  A two-headed ogre zombie (Crypt:1)
  2 centaur skeletons
  8 draconian simulacra (IceCv)
  A giant frog skeleton (D:11)
  A demonspawn skeleton (Crypt:2)
  45 orc priests
  27 iron imps
  5 elf skeletons
  A polar bear simulacrum (IceCv)
  23 worker ants
  36 orc wizards
  16 iguanas
  14 orange rats
  A spriggan simulacrum (IceCv)
  A wolf simulacrum (IceCv)
  36 sheep
  4 troll simulacra (IceCv)
  2 naga zombies
  A hound zombie (D:10)
  2 naga skeletons
  5 ogre zombies
  2 ogre skeletons
  2 centaur simulacra (IceCv)
  A felid skeleton (Crypt:2)
  Terence (D:2)
  61 mummies
  A spectral sheep (Vaults:5)
  5 naga simulacra (IceCv)
  A worker ant zombie (D:11)
  11 gnolls
  51 green rats
  An orange rat skeleton (Crypt:1)
  A steam dragon skeleton (D:10)
  24 adders
  22 shadow imps
  35 white imps
  3 worms
  38 ufetubi
  An iguana zombie (D:6)
  6 orc skeletons
  10 orc zombies
  A sheep skeleton (Crypt:3)
  A giant eyeball (Pan)
  4 giant geckos
  6 oozes
  220 orcs
  22 bats
  A bat skeleton (D:7)
  7 giant cockroaches
  A gnoll zombie (Crypt:2)
  19 hobgoblins
  6 jackals
  15 quokkas
  2 ball pythons
  3 giant cockroach zombies
  A giant mite zombie (Crypt:2)
  6 giant newts
  22 goblins
  2 hobgoblin skeletons
  22 kobolds
  A kobold skeleton (D:8)
  A lurking horror (Abyss:3)
  A quokka skeleton (D:5)
  27 rats
  4 spectral orcs
  10 ballistomycetes (D:13)
  4 briar patches (Swamp:2)
  2 butterflies
  4 crawling corpses
  28 fungi
  4 macabre masses (Abyss:3)
  12 plants
  5 starspawn tentacles
  2 tentacles (Coc:5)
5927 creatures vanquished.

Vanquished Creatures (others)
  2 eldritch tentacles
  An ancient champion (Tomb:1)
  A vault guard (Vaults:5)
  A quicksilver dragon zombie (Tar:6)
  A blizzard demon (Pan)
  A deep elf high priest (Vaults:5)
  A naga warrior (Snake:2)
  An ogre mage (Depths:3)
  A shadow wraith (Vaults:2)
  A deep elf knight (Elf:1)
  2 ball lightnings
  A golden dragon zombie (Geh:5)
  A large abomination (Pan)
  2 necromancers
  A shadow demon (Pan)
  A griffon (Vaults:4)
  A vault sentinel (Vaults:4)
  A stone giant skeleton (Tomb:1)
  A purple draconian zombie (Zot:5)
  2 fire drakes
  2 hydra zombies
  A deep elf priest (Elf:2)
  A red devil (Pan)
  A freezing wraith (Vaults:3)
  A raven (Swamp:5)
  A deep elf mage (Bailey)
  2 flying skulls
  2 shadows
  A water elemental (Coc:7)
  2 deep elf fighters
  A human zombie (Depths:5)
  3 small abominations
  An orc warrior (Vaults:2)
  2 swamp drakes
  15 lost souls
  2 ogres
  A wight (Geh:5)
  An orange rat (Elf:3)
  7 mummies
  2 orcs
  17 giant spores
  13 ballistomycetes
  A briar patch (Swamp:2)
  4 butterflies
  A crawling corpse (Vaults:5)
  234 eldritch tentacle segments
  9 fungi
  7 plants
  17 starspawn tentacles
  42 starspawn tentacle segments
  6 tentacles
  27 tentacle segments
451 creatures vanquished.

Grand Total: 6378 creatures vanquished

Notes
Turn   | Place    | Note
--------------------------------------------------------------
     0 | D:1      | John, the Gargoyle Fighter, began the quest for the Orb.
     0 | D:1      | Reached XP level 1. HP: 14/14 MP: 1/1
   230 | D:1      | Reached XP level 2. HP: 16/19 MP: 2/2
   716 | D:2      | Found an iron altar of Okawaru.
   728 | D:2      | Became a worshipper of Warmaster Okawaru
   848 | D:2      | Reached XP level 3. HP: 23/23 MP: 3/3
  1147 | D:2      | Noticed Terence
  1339 | D:2      | Reached XP level 4. HP: 28/28 MP: 4/4
  1360 | D:2      | Killed Terence
  1392 | D:3      | Reached skill level 4 in Axes
  1866 | D:3      | Reached XP level 5. HP: 26/32 MP: 5/5
  2304 | D:4      | Noticed an ogre
  2307 | D:5      | Entered Level 5 of the Dungeon
  2372 | D:5      | Found Qeesk's General Store.
  2404 | D:5      | Noticed a centaur
  2412 | D:5      | Killed a centaur
  2412 | D:5      | Acquired Okawaru's first power
  2412 | D:5      | Reached skill level 5 in Axes
  2412 | D:5      | Reached XP level 6. HP: 31/37 MP: 6/6
  2454 | D:5      | Found a sparkling altar of Nemelex Xobeh.
  2454 | D:5      | Found a burning altar of Makhleb.
  2478 | D:5      | Found a shadowy altar of Dithmenos.
  2483 | D:5      | Found a white marble altar of Elyvilon.
  2487 | D:5      | Found an ancient bone altar of Kikubaaqudgha.
  2492 | D:5      | Found a basalt altar of Yredelemnul.
  2519 | D:5      | Noticed an ogre
  2566 | D:5      | Reached skill level 6 in Axes
  2618 | D:5      | Noticed a centaur
  2634 | D:5      | Killed a centaur
  2682 | D:5      | Found Ugoc's Antique Weapon Boutique.
  2730 | D:5      | Reached XP level 7. HP: 39/41 MP: 7/7
  2785 | D:5      | Found a bloodstained altar of Trog.
  2859 | D:5      | Found an iron altar of Okawaru.
  3067 | D:5      | Found a stormy altar of Qazlal.
  3552 | D:4      | Reached skill level 7 in Axes
  3627 | D:4      | Found a shimmering altar of Xom.
  3677 | D:4      | Found Dixikhly's Food Shoppe.
  3770 | D:4      | Found Soipt's Weapon Emporium.
  3974 | D:4      | Noticed John's ghost (average GrFi)
  4939 | D:4      | Reached skill level 8 in Axes
  5073 | D:4      | Reached XP level 8. HP: 31/46 MP: 8/8
  5254 | D:4      | Bought a +0 broad axe for 40 gold pieces
  5345 | D:4      | Killed an ogre
  5683 | D:4      | Killed John's ghost
  5683 | D:4      | Reached skill level 9 in Axes
  5959 | D:5      | Killed an ogre
  7046 | D:5      | HP: 2/46 [orc warrior/dire flail (7)]
  7461 | D:6      | Reached skill level 10 in Axes
  7652 | D:6      | Reached XP level 9. HP: 51/51 MP: 9/9
  8181 | D:7      | Reached skill level 11 in Axes
  9313 | D:7      | Found a staircase to the Ecumenical Temple.
  9928 | D:8      | Reached skill level 12 in Axes
 10096 | D:9      | Noticed Blork the orc
 10211 | D:8      | Reached skill level 5 in Armour
 10356 | D:8      | Noticed Erolcha
 10377 | D:7      | Reached XP level 10. HP: 52/56 MP: 10/10
 11652 | D:9      | Killed Blork the orc
 12294 | D:9      | Found a staircase to the Lair.
 12316 | Lair:1   | Entered Level 1 of the Lair of Beasts
 12698 | Lair:1   | Reached skill level 10 in Armour
 13102 | Lair:1   | Noticed a five-headed hydra
 13206 | Lair:2   | Reached XP level 11. HP: 41/60 MP: 11/11
 13476 | Lair:2   | Noticed Fannar
 13851 | Lair:3   | Noticed puimuR's ghost (experienced HOHe)
 14076 | Lair:2   | Acquired Okawaru's second power
 14432 | Lair:2   | Killed Fannar
 14480 | Lair:2   | Noticed Gastronok
 14558 | Lair:2   | Killed Gastronok
 14558 | Lair:2   | Reached skill level 13 in Axes
 14848 | Lair:2   | Gained mutation: You are partially covered in rough black scales (AC +4, Dex -1). [potion of beneficial mutation]
 15264 | Lair:3   | Received a gift from Okawaru
 15265 | Lair:3   | Got a pitted halberd {god gift}
 15284 | Lair:3   | Noticed Maud
 15310 | Lair:3   | Killed Maud
 15310 | Lair:3   | Reached skill level 14 in Axes
 15310 | Lair:3   | Reached XP level 12. HP: 25/64 MP: 5/12
 15577 | Lair:3   | Found a staircase to the Swamp.
 16038 | Lair:3   | Noticed a death yak
 16038 | Lair:3   | Noticed a death yak
 16040 | Lair:3   | Noticed a death yak
 16040 | Lair:3   | Noticed a death yak
 16059 | Lair:2   | Killed a death yak
 16217 | Lair:3   | Killed puimuR's ghost
 16360 | Lair:3   | Killed a death yak
 16375 | Lair:3   | Reached skill level 15 in Axes
 16391 | Lair:3   | Killed a death yak
 16402 | Lair:3   | Killed a death yak
 16404 | Lair:3   | Received a gift from Okawaru
 16405 | Lair:3   | Got an ancient buckler {god gift}
 16411 | Lair:3   | Noticed a four-headed hydra
 16893 | Lair:3   | Noticed a naga warrior
 17068 | Lair:3   | Killed a naga warrior
 17144 | Lair:3   | Noticed Nergalle
 17166 | Lair:3   | Killed Nergalle
 17326 | Lair:3   | Found a staircase to the Snake Pit.
 17751 | Lair:3   | Reached skill level 16 in Axes
 17933 | Lair:4   | Reached XP level 13. HP: 58/68 MP: 13/13
 18031 | Lair:4   | Noticed an ice dragon
 18065 | Lair:4   | Killed an ice dragon
 19843 | Lair:4   | Reached skill level 17 in Axes
 21991 | Lair:7   | Found a shattered altar of Ashenzari.
 22307 | Lair:7   | Reached skill level 18 in Axes
 22322 | Lair:7   | Gained mutation: Your wings are large and strong. [gargoyle growth]
 22322 | Lair:7   | Reached XP level 14. HP: 34/74 MP: 8/14
 22877 | Lair:7   | Received a gift from Okawaru
 23216 | Lair:7   | Received a gift from Okawaru
 23703 | Lair:8   | Entered Level 8 of the Lair of Beasts
 24498 | Lair:8   | Reached skill level 19 in Axes
 24875 | Lair:8   | Received a gift from Okawaru
 25943 | Lair:8   | Found a staircase to the Slime Pits.
 25944 | Lair:8   | Found a viscous altar of Jiyva.
 27242 | Lair:1   | Killed a five-headed hydra
 27358 | Lair:1   | Noticed an eight-headed hydra
 27360 | Lair:1   | Identified a +0 rod of striking (13/13) (You found it on level 9 of the Dungeon)
 27370 | Lair:1   | Killed an eight-headed hydra
 28135 | D:10     | Entered Level 10 of the Dungeon
 28276 | D:10     | Reached skill level 20 in Axes
 28395 | D:10     | Reached XP level 15. HP: 78/80 MP: 7/15
 28501 | D:10     | Noticed Josephine
 28542 | D:10     | Killed Josephine
 28788 | D:10     | Reached skill level 5 in Fighting
 29067 | D:10     | Found a staircase to the Orcish Mines.
 29183 | D:10     | Found a glowing silver altar of Zin.
 29601 | Orc:1    | Entered Level 1 of the Orcish Mines
 30327 | Orc:2    | Found Cleoda's Weapon Shop.
 31028 | Orc:3    | Found a flagged portal.
 31038 | Bailey   | Entered a bailey
 31201 | Bailey   | Identified the Handbook of Damaging Weightlessness
 31525 | Orc:3    | Noticed Sonja
 31532 | Orc:3    | Killed Sonja
 31980 | Orc:2    | Found Graruah's Gadget Shoppe.
 31982 | Orc:2    | Found Phu Plar's Weapon Shoppe.
 32011 | Orc:2    | Found Iloosenn's Antique Weapon Boutique.
 32183 | Orc:2    | Bought a wand of disintegration (13) for 238 gold pieces
 32330 | Orc:4    | Entered Level 4 of the Orcish Mines
 32330 | Orc:4    | Found a staircase to the Elven Halls.
 32584 | Orc:4    | Noticed Joseph
 32594 | Orc:4    | Killed Joseph
 32840 | Orc:4    | Gained mutation: You have difficulty communicating with the divine. [a neqoxec]
 33244 | Orc:4    | Received a gift from Okawaru
 33777 | Orc:4    | Reached skill level 10 in Fighting
 34062 | Orc:4    | Reached skill level 1 in Spellcasting
 34582 | Orc:4    | Found Qoido's General Store.
 34584 | Orc:4    | Found Blacuad's Book Emporium.
 34586 | Orc:4    | Found Peett's Antique Armour Shoppe.
 34586 | Orc:4    | Found Kera's Antique Weapon Shoppe.
 34629 | Orc:4    | Bought a scroll of identify for 32 gold pieces
 34629 | Orc:4    | Bought a scroll of identify for 32 gold pieces
 34629 | Orc:4    | Bought a scroll of teleportation for 48 gold pieces
 34629 | Orc:4    | Bought a scroll of fog for 32 gold pieces
 34641 | Orc:4    | Learned a level 2 spell: Repel Missiles
 35112 | Orc:4    | Bought a distressingly furry storm dragon armour for 2040 gold pieces
 35112 | Orc:4    | Bought a glowing hat for 96 gold pieces
 35124 | Orc:4    | Identified the +10 storm dragon armour "Nuzituly" {+Inv rElec MR+} (You bought it in a shop on level 4 of the Orcish Mines)
 35592 | Lair:8   | Reached skill level 1 in Charms
 35897 | D:11     | Noticed Psyche
 36393 | D:11     | Noticed Urug
 36411 | D:11     | Killed Urug
 36446 | D:11     | Noticed Maurice
 36471 | D:11     | Killed Maurice
 36511 | D:11     | Killed Psyche
 37171 | D:12     | Reached skill level 5 in Charms
 37849 | D:12     | Reached XP level 16. HP: 94/97 MP: 24/24
 37949 | D:12     | Found a portal to a secret trove of treasure.
 37956 | D:12     | the portal to a secret trove of treasure was a mimic.
 38229 | D:13     | Reached skill level 1 in Invocations
 38902 | D:13     | Found a gate to the Vaults.
 39467 | D:14     | Found a frozen archway.
 39492 | IceCv    | Entered an ice cave
 39869 | IceCv    | Found an ancient bone altar of Kikubaaqudgha.
 41168 | D:15     | Entered Level 15 of the Dungeon
 41313 | D:15     | Found a staircase to the Depths.
 42398 | Snake:1  | Entered Level 1 of the Snake Pit
 42730 | Snake:1  | Found a stormy altar of Qazlal.
 42842 | Snake:1  | Noticed Rupert
 42977 | Snake:1  | Killed Rupert
 43294 | Snake:2  | Reached XP level 17. HP: 99/112 MP: 25/25
 43393 | Snake:2  | Noticed Nikola
 43410 | Snake:2  | Killed Nikola
 43410 | Snake:2  | Reached skill level 15 in Fighting
 43551 | Snake:2  | Identified 2 scrolls of acquirement
 43562 | Snake:2  | Noticed Vashnia
 44748 | Snake:2  | Killed Vashnia
 45563 | Snake:3  | Noticed Aizul
 45580 | Snake:3  | Killed Aizul
 45708 | Snake:3  | Noticed Agnes
 45723 | Snake:3  | Killed Agnes
 45729 | Snake:3  | Noticed Azrael
 45775 | Snake:3  | Killed Azrael
 46488 | Snake:4  | Received a gift from Okawaru
 47427 | Snake:4  | Reached XP level 18. HP: 52/125 MP: 8/25
 48002 | Snake:4  | Found Dutiuw's Assorted Antiques.
 48005 | Snake:4  | Bought a scroll of identify for 74 gold pieces
 48005 | Snake:4  | Bought an encrusted ivory ring for 185 gold pieces
 48005 | Snake:4  | Bought a scroll of identify for 74 gold pieces
 48005 | Snake:4  | Bought a scroll of identify for 74 gold pieces
 48005 | Snake:4  | Bought a thin ivory amulet for 185 gold pieces
 48005 | Snake:4  | Bought an encrusted gold wand for 148 gold pieces
 48282 | Snake:4  | Identified the Incunabulum of the Wumpus (You found it on level 4 of the Snake Pit)
 48638 | Snake:5  | Entered Level 5 of the Snake Pit
 48681 | Snake:5  | Noticed Saint Roka
 49014 | Snake:5  | Killed Saint Roka
 49534 | Snake:5  | Noticed Louise
 49538 | Snake:5  | Cast into the Abyss (Louise)
 49600 | Abyss:1  | Noticed a Hell Sentinel
 49841 | Abyss:1  | Paralysed by accursed screaming for 1 turns
 50343 | Abyss:1  | Noticed a bone dragon
 50510 | Abyss:1  | Gained mutation: Your magical capacity is low (-10% MP). [a neqoxec]
 50516 | Snake:5  | Escaped the Abyss
 50571 | Snake:5  | Killed Louise
 50573 | Snake:5  | Received a gift from Okawaru
 50960 | Snake:5  | Received a gift from Okawaru
 50964 | Snake:5  | Got a smoking executioner's axe {god gift}
 51025 | Snake:5  | Identified the +3 executioner's axe "Twovuc" {drain, rElec rPois} (Okawaru gifted it to you on level 5 of the Snake Pit)
 51610 | Snake:5  | Reached XP level 19. HP: 80/135 MP: 23/23
 52126 | Snake:5  | Reached skill level 15 in Armour
 52194 | Snake:5  | Got a serpentine rune of Zot
 52875 | Swamp:1  | Entered Level 1 of the Swamp
 53186 | Swamp:1  | Received a gift from Okawaru
 53325 | Swamp:1  | Got a brightly glowing mace
 55162 | Swamp:3  | Found a basalt altar of Yredelemnul.
 56338 | Swamp:5  | Entered Level 5 of the Swamp
 56492 | Swamp:4  | Reached XP level 20. HP: 130/140 MP: 24/24
 56812 | Swamp:5  | Received a gift from Okawaru
 57078 | Swamp:5  | Got a decaying rune of Zot
 57905 | Vaults:1 | Entered Level 1 of the Vaults
 58012 | Vaults:1 | Received a gift from Okawaru
 58670 | Vaults:1 | Received a gift from Okawaru
 58988 | Vaults:1 | Noticed Norris
 59013 | Vaults:1 | Killed Norris
 61046 | Vaults:2 | Received a gift from Okawaru
 61094 | Vaults:2 | Got a distressingly furry scale mail {god gift}
 61105 | Vaults:2 | Identified the -2 scale mail of Sin {Dex+2 Int+1} (Okawaru gifted it to you on level 2 of the Vaults)
 61160 | Vaults:2 | Reached XP level 21. HP: 113/146 MP: 24/24
 61373 | Vaults:2 | Reached skill level 21 in Axes
 61796 | Vaults:2 | Paralysed by a Zot trap for 3 turns
 62166 | Vaults:2 | Found Pnoat's Antique Weapon Shop.
 63309 | Vaults:3 | Noticed Mennas
 63435 | Vaults:2 | Killed Mennas
 63801 | Vaults:3 | Reached skill level 22 in Axes
 63979 | Vaults:3 | Found Ufom Sau's Gadget Shoppe.
 64280 | Vaults:3 | Received a gift from Okawaru
 64516 | Vaults:3 | Found a staircase to the Crypt.
 64693 | Vaults:3 | Reached XP level 22. HP: 114/152 MP: 25/25
 64779 | Vaults:3 | Reached skill level 23 in Axes
 64802 | Vaults:3 | Received a gift from Okawaru
 65116 | Vaults:3 | Noticed Xtahua
 65133 | Vaults:3 | Killed Xtahua
 65234 | Vaults:3 | Paralysed by a giant eyeball for 3 turns
 67063 | Vaults:5 | Entered Level 5 of the Vaults
 67069 | Vaults:5 | Received a gift from Okawaru
 67077 | Vaults:5 | Reached skill level 24 in Axes
 67106 | Vaults:5 | Reached XP level 23. HP: 115/156 MP: 22/25
 67204 | Vaults:5 | Got an iridescent battleaxe {god gift}
 67205 | Vaults:5 | Identified the +8 battleaxe of Utseutai {drain, +Inv MR+ Str+3} (Okawaru gifted it to you on level 5 of the Vaults)
 67435 | Vaults:5 | Received a gift from Okawaru
 68291 | Vaults:5 | Got a pair of shimmering boots
 68302 | Vaults:5 | Identified the +1 pair of boots "Stid Cowk" {Dex+2 Int+2} (You found it on level 5 of the Vaults)
 68315 | Vaults:5 | Got a silver rune of Zot
 68605 | Vaults:5 | Learned a level 1 spell: Summon Butterflies
 68675 | Vaults:5 | Got a brightly glowing marble ring
 68677 | Vaults:5 | Identified the ring "Priff" {rF+ Dex+2} (You took it off a yaktaur captain on level 5 of the Vaults)
 68727 | Vaults:5 | Reached skill level 25 in Axes
 68735 | Vaults:5 | Identified Diesut Chic's Grimoire of Congealing Conjuration (You found it on level 5 of the Vaults)
 68771 | Vaults:5 | Identified the Papyrus of Nocuous Black Rites (You found it on level 5 of the Vaults)
 68782 | Vaults:5 | Got a twisted plate armour
 68793 | Vaults:5 | Identified the +3 plate armour "Qiesumaf" {rF+} (You found it on level 5 of the Vaults)
 68889 | Vaults:5 | Noticed Wiglaf
 68927 | Vaults:5 | Killed Wiglaf
 69284 | Vaults:5 | Noticed an ancient lich
 69567 | Vaults:4 | Killed an ancient lich
 70046 | Vaults:5 | Received a gift from Okawaru
 71030 | Vaults:5 | Found Xuoqast's General Store.
 71037 | Vaults:5 | Bought a scroll of enchant armour for 142 gold pieces
 71037 | Vaults:5 | Bought a scroll of teleportation for 57 gold pieces
 71037 | Vaults:5 | Bought a bread ration for 95 gold pieces
 71037 | Vaults:5 | Bought a potion of haste for 133 gold pieces
 71172 | Vaults:5 | Received a gift from Okawaru
 71249 | Vaults:5 | Reached XP level 24. HP: 163/163 MP: 26/26
 72498 | Vaults:5 | Got an emerald-encrusted ring mail
 72509 | Vaults:5 | Identified the cursed -5 ring mail of Weirdness {rC+} (You found it on level 5 of the Vaults)
 73461 | Depths:1 | Entered Level 1 of the Depths
 73598 | Depths:1 | Found a one-way gate leading to the halls of Pandemonium.
 73616 | Depths:1 | Noticed the Enchantress
 73992 | D:15     | Killed the Enchantress
 73995 | D:15     | Got a faerie dragon armour
 74006 | D:15     | Identified the +0 faerie dragon armour {Str-2 Slay+3} (You took it off the Enchantress on level 15 of the Dungeon)
 74267 | Depths:1 | Found a sparkling altar of Nemelex Xobeh.
 74501 | Depths:1 | Found a gateway to Hell.
 74610 | Depths:1 | Found a gateway to a ziggurat.
 75297 | Depths:2 | Found a one-way gate to the infinite horrors of the Abyss.
 75961 | Depths:2 | Got a sparkling glass ring
 75963 | Depths:2 | Identified the ring of Feat {+Fly rN+} (You found it on level 2 of the Depths)
 76481 | Depths:2 | Received a gift from Okawaru
 76960 | Depths:2 | Got a brightly glowing morningstar
 76961 | Depths:2 | Identified the +0 morningstar "Skacwiodwe" {crush, Int-1} (You took it off a rakshasa on level 2 of the Depths)
 77545 | Lair:1   | Identified the +8 mace of Beof {venom, -Cast rPois Dex+2} (You found it on level 1 of the Swamp)
 77551 | Lair:1   | Identified the +2 buckler "Qics" {Int-4} (Okawaru gifted it to you on level 3 of the Lair of Beasts)
 78147 | Depths:3 | Reached XP level 25. HP: 156/168 MP: 26/26
 78210 | Depths:3 | Found a shattered altar of Ashenzari.
 78211 | Depths:3 | Found an iron altar of Okawaru.
 78213 | Depths:3 | Found a shadowy altar of Dithmenos.
 79194 | Depths:3 | Received a gift from Okawaru
 79390 | Depths:3 | Identified a +1 rod of shadows (12/12) (You took it off a fire giant on level 3 of the Depths)
 79439 | Depths:3 | Learned a level 2 spell: Swiftness
 79538 | Depths:3 | Reached skill level 26 in Armour
 80308 | Depths:4 | Noticed Mara
 80482 | Depths:4 | Noticed John's illusion
 80491 | Depths:4 | Killed Mara
 80617 | Depths:4 | Noticed John's illusion
 80743 | Depths:4 | Noticed John's illusion
 80751 | Depths:3 | Noticed John's illusion
 81718 | Depths:3 | Killed Mara
 81773 | Depths:5 | Entered Level 5 of the Depths
 82225 | Depths:5 | Reached skill level 27 in Armour
 82291 | Depths:5 | Reached XP level 26. HP: 164/174 MP: 27/27
 82528 | Depths:5 | Found a gate to the Realm of Zot.
 83706 | Zot:1    | Entered Level 1 of the Realm of Zot
 83765 | Zot:1    | Noticed an orb of fire
 83772 | Zot:1    | Gained mutation: Potions and wands are less effective at restoring your health. [an orb of fire]
 83781 | Zot:1    | Gained mutation: You tend to lose your temper in combat. [an orb of fire]
 83792 | Zot:1    | Killed an orb of fire
 84284 | Lair:1   | Lost mutation: You tend to lose your temper in combat. [potion of cure mutation]
 84284 | Lair:1   | Lost mutation: Potions and wands are less effective at restoring your health. [potion of cure mutation]
 84284 | Lair:1   | Lost mutation: You have difficulty communicating with the divine. [potion of cure mutation]
 84284 | Lair:1   | Lost mutation: Your magical capacity is low (-10% MP). [potion of cure mutation]
 85367 | Zot:1    | Noticed an orb of fire
 85383 | Zot:1    | Killed an orb of fire
 86770 | Zot:2    | Received a gift from Okawaru
 87050 | Zot:2    | Reached XP level 27. HP: 116/188 MP: 30/30
 89474 | Zot:4    | Received a gift from Okawaru
 89649 | Zot:4    | Learned a level 5 spell: Phase Shift
 89654 | Zot:4    | Learned a level 4 spell: Control Teleport
 89662 | Zot:4    | Learned a level 7 spell: Controlled Blink
 89772 | Zot:4    | Noticed an orb of fire
 89795 | Zot:4    | Gained mutation: You are frail (-10% HP). [an orb of fire]
 89818 | Zot:4    | Killed an orb of fire
 90788 | Zot:5    | Entered Level 5 of the Realm of Zot
 91164 | Zot:5    | Noticed an orb of fire
 91177 | Zot:5    | Killed an orb of fire
 91213 | Zot:5    | Reached skill level 5 in Translocations
 91596 | Zot:5    | Received a gift from Okawaru
 91600 | Zot:5    | Got a faintly glowing executioner's axe {god gift}
 91601 | Zot:5    | Identified the +3 executioner's axe of Turmoil {chop, Str+3} (Okawaru gifted it to you on level 5 of the Realm of Zot)
 92164 | Zot:5    | Noticed an orb of fire
 92181 | Zot:5    | Gained mutation: You tend to lose your temper in combat. [an orb of fire]
 92186 | Zot:5    | Killed an orb of fire
 92244 | Zot:5    | Noticed an orb of fire
 92246 | Zot:5    | Gained mutation: Your magical capacity is low (-10% MP). [an orb of fire]
 92257 | Zot:5    | Killed an orb of fire
 92336 | Zot:5    | Reached skill level 10 in Translocations
 92543 | Zot:5    | Noticed an ancient lich
 92554 | Zot:5    | Killed an ancient lich
 92672 | Zot:5    | Noticed an ancient lich
 92688 | Zot:5    | Killed an ancient lich
 92827 | Zot:5    | Got an ancient hand axe
 92886 | Zot:5    | Noticed an ancient lich
 92904 | Zot:5    | Killed an ancient lich
 92904 | Zot:5    | Received a gift from Okawaru
 92990 | Zot:5    | Noticed an orb of fire
 93057 | Zot:5    | Killed an orb of fire
 93062 | Zot:5    | Noticed an orb of fire
 93086 | Zot:5    | Killed an orb of fire
 93208 | Zot:5    | Noticed an orb of fire
 93228 | Zot:5    | Killed an orb of fire
 93616 | Zot:5    | Reached skill level 15 in Translocations
 95113 | Vaults:5 | Identified the +10 hand axe of the Dances {flame, rN+ Int+3} (You took it off a yellow draconian on level 5 of the Realm of Zot)
 96429 | Lair:1   | Learned a level 1 spell: Apportation
 97435 | Zot:5    | Noticed an ancient lich
 97441 | Zot:5    | Paralysed by an ancient lich for 2 turns
 97449 | Zot:5    | Killed an ancient lich
 97493 | Zot:5    | Noticed an ancient lich
 97502 | Zot:5    | Killed an ancient lich
 98049 | Lair:1   | Lost mutation: You are frail (-10% HP). [potion of cure mutation]
 98049 | Lair:1   | Lost mutation: You tend to lose your temper in combat. [potion of cure mutation]
 98049 | Lair:1   | Lost mutation: Your magical capacity is low (-10% MP). [potion of cure mutation]
 98049 | Lair:1   | Lost mutation: You are partially covered in rough black scales (AC +4, Dex -1). [potion of cure mutation]
 98565 | Vaults:5 | Received a gift from Okawaru
 99187 | Elf:1    | Entered Level 1 of the Elven Halls
 99957 | Elf:2    | Noticed Nessos
 99980 | Elf:2    | Killed Nessos
100131 | Elf:2    | Noticed Snorg
100149 | Elf:2    | Killed Snorg
100269 | Elf:2    | Found Qeal's Food Shoppe.
100513 | Elf:3    | Entered Level 3 of the Elven Halls
101437 | Elf:3    | Got a scintillating wooden ring
101931 | Elf:3    | Identified the Volume of Dusty Translocation
102090 | Elf:3    | Identified the ring "Thu Gralering" {+Fly Dex-4 Int+1} (You took it off a deep elf conjurer on level 3 of the Elven Halls)
102292 | Elf:3    | Got a sparkling emerald amulet
102294 | Elf:3    | Identified the amulet of Rarrom {Inacc rC-} (You found it on level 3 of the Elven Halls)
103041 | Elf:3    | Identified a +8 rod of clouds (12/12) (You found it on level 3 of the Elven Halls)
103537 | Slime:1  | Entered Level 1 of the Pits of Slime
104135 | Slime:3  | Gained mutation: Your spells are a little easier to cast, but a little less powerful. [a shining eye]
105455 | Slime:5  | Noticed Dissolution
105472 | Slime:5  | Killed Dissolution
105567 | Slime:5  | Received a gift from Okawaru
106348 | Slime:6  | Entered Level 6 of the Pits of Slime
107027 | Slime:6  | Noticed the royal jelly
107037 | Slime:6  | Killed the royal jelly
107619 | Slime:6  | Got a scintillating turquoise ring
107621 | Slime:6  | Identified the ring "Xyrrixigono" {+Rage Dex+1} (You found it on level 6 of the Pits of Slime)
107729 | Slime:6  | Got a crude copper ring
107732 | Slime:6  | Identified the ring "Ufiuthr Laot" {Wiz rPois} (You found it on level 6 of the Pits of Slime)
107781 | Slime:6  | Learned a level 3 spell: Regeneration
107784 | Slime:6  | Got a slimy rune of Zot
110117 | Crypt:1  | Entered Level 1 of the Crypt
110203 | Crypt:1  | Reached skill level 1 in Maces & Flails
110255 | Crypt:1  | Noticed Sojobo
110290 | Crypt:1  | Killed Sojobo
110852 | Crypt:1  | Reached skill level 5 in Maces & Flails
112057 | Crypt:2  | Noticed Jorgrun
112067 | Crypt:2  | Killed Jorgrun
112804 | Crypt:3  | Entered Level 3 of the Crypt
113968 | Crypt:3  | Reached skill level 10 in Maces & Flails
113984 | Crypt:3  | Noticed an ancient lich
113984 | Crypt:3  | Noticed an ancient lich
114001 | Crypt:3  | Killed an ancient lich
114020 | Crypt:3  | Killed an ancient lich
114133 | Crypt:3  | Identified Borgnjor's Reference Book on Stolen Souls (You found it on level 3 of the Crypt)
114154 | Crypt:3  | Got a pair of jewelled gloves
114165 | Crypt:3  | Identified the cursed +0 pair of gloves of the Sparrow {Str+3 Dex+2} (You found it on level 3 of the Crypt)
114360 | Crypt:3  | Got a brightly glowing ice dragon armour
114361 | Crypt:3  | Identified the cursed -3 ice dragon armour of Starshine {rF- rC++ Slay+3} (You took it off a skeletal warrior on level 3 of the Crypt)
114569 | Crypt:3  | Received a gift from Okawaru
114707 | Crypt:3  | Found a staircase to the Tomb.
114859 | Crypt:3  | Found an ancient bone altar of Kikubaaqudgha.
115093 | Crypt:3  | Got a pair of slimy boots
115104 | Crypt:3  | Identified the +1 pair of boots of Leaddiwk {+Rage MR++} (You found it on level 3 of the Crypt)
115312 | Tomb:1   | Entered Level 1 of the Tomb of the Ancients
117354 | Tomb:2   | Noticed an ancient lich
119178 | Tomb:1   | Reached skill level 15 in Maces & Flails
119201 | Tomb:1   | Killed an ancient lich
121205 | Tomb:1   | Received a gift from Okawaru
127224 | Tomb:3   | Entered Level 3 of the Tomb of the Ancients
130575 | Tomb:3   | Noticed Khufu
130602 | Tomb:3   | Killed Khufu
130625 | Tomb:3   | Got a golden rune of Zot
130868 | Tomb:3   | Noticed Frederick
130889 | Tomb:3   | Killed Frederick
132370 | Hell     | Entered the Vestibule of Hell
132370 | Hell     | Noticed Geryon
132571 | Hell     | Killed Geryon
132571 | Hell     | Reached skill level 1 in Air Magic
132694 | Hell     | Received a gift from Okawaru
132712 | Hell     | Found a gateway to the ashen valley of Gehenna.
132959 | Hell     | Found a gateway to the Iron City of Dis.
133131 | Hell     | Found a gateway to the decaying netherworld of Tartarus.
133256 | Hell     | Found a gateway to the freezing wastes of Cocytus.
133944 | Lair:3   | Killed a four-headed hydra
134449 | Depths:2 | Voluntarily entered the Abyss.
134727 | Abyss:3  | Identified a +9 rod of shadows (11/11) (You found it on level 3 of the Abyss)
134971 | Abyss:3  | Got an abyssal rune of Zot
135255 | Depths:2 | Escaped the Abyss
136479 | Lair:1   | Learned a level 6 spell: Haste
136767 | Dis:1    | Entered Level 1 of the Iron City of Dis
136971 | Dis:3    | Reached skill level 5 in Air Magic
137328 | Dis:7    | Entered Level 7 of the Iron City of Dis
137563 | Dis:7    | Received a gift from Okawaru
137746 | Dis:7    | Reached skill level 10 in Charms
138505 | Dis:7    | Received a gift from Okawaru
139285 | Dis:7    | Gained mutation: Your vision is a little blurry. [mutagenic glow]
139345 | Dis:7    | Gained mutation: You are dopey. (Int -2) [mutagenic glow]
139558 | Dis:7    | Noticed Dispater
139607 | Dis:7    | Killed Dispater
139772 | Dis:7    | Got an iron rune of Zot
139959 | Tar:1    | Entered Level 1 of Tartarus
140457 | Tar:3    | Reached skill level 5 in Spellcasting
140892 | Tar:5    | Received a gift from Okawaru
141293 | Tar:5    | Lost intelligence.
141532 | Tar:5    | Received a gift from Okawaru
141647 | Tar:6    | Noticed an ancient lich
141668 | Tar:6    | Noticed an ancient lich
141677 | Tar:6    | Killed an ancient lich
141685 | Tar:6    | Killed an ancient lich
141685 | Tar:6    | Reached skill level 10 in Spellcasting
141842 | Tar:7    | Entered Level 7 of Tartarus
142382 | Tar:7    | Got a pair of fine boots
142383 | Tar:7    | Identified the +1 pair of boots of Hedge Wizardry {Dex+3 Int+2} (You found it on level 7 of Tartarus)
142999 | Tar:7    | Noticed Ereshkigal
143035 | Tar:7    | Killed Ereshkigal
143044 | Tar:7    | Got a bone rune of Zot
144343 | Coc:1    | Entered Level 1 of Cocytus
144682 | Coc:5    | Reached skill level 15 in Spellcasting
144750 | Coc:6    | Noticed an ancient lich
144767 | Coc:6    | Killed an ancient lich
144906 | Coc:6    | Received a gift from Okawaru
145032 | Coc:7    | Entered Level 7 of Cocytus
145701 | Coc:7    | Noticed the Serpent of Hell
145720 | Coc:7    | Killed the Serpent of Hell
145724 | Coc:7    | Received a gift from Okawaru
145876 | Coc:7    | Noticed Antaeus
146694 | Coc:7    | Killed Antaeus
146817 | Coc:7    | Got an icy rune of Zot
147399 | D:4      | Bought a bread ration for 65 gold pieces
147399 | D:4      | Bought a meat ration for 65 gold pieces
147399 | D:4      | Bought a meat ration for 65 gold pieces
147399 | D:4      | Bought a bread ration for 65 gold pieces
147399 | D:4      | Bought a bread ration for 65 gold pieces
147399 | D:4      | Bought a meat ration for 65 gold pieces
148382 | Geh:1    | Entered Level 1 of Gehenna
148699 | Geh:2    | Reached skill level 1 in Throwing
148712 | Geh:2    | Received a gift from Okawaru
148961 | Geh:3    | Reached skill level 5 in Throwing
149931 | Geh:5    | Received a gift from Okawaru
150038 | Geh:5    | Reached skill level 10 in Throwing
150070 | Geh:5    | Received a gift from Okawaru
150263 | Geh:7    | Entered Level 7 of Gehenna
150994 | Geh:7    | Received a gift from Okawaru
151112 | Geh:7    | Received a gift from Okawaru
151597 | Geh:7    | Received a gift from Okawaru
151664 | Geh:7    | Noticed Asmodeus
151684 | Geh:7    | Killed Asmodeus
151691 | Geh:7    | Got an obsidian rune of Zot
151956 | Geh:7    | Received a gift from Okawaru
152254 | Lair:1   | Lost mutation: Your spells are a little easier to cast, but a little less powerful. [potion of cure mutation]
152254 | Lair:1   | Lost mutation: Your vision is a little blurry. [potion of cure mutation]
152254 | Lair:1   | Lost mutation: You are dopey. (Int -2) [potion of cure mutation]
152255 | Lair:1   | Gained mutation: You are robust (+10% HP). [potion of beneficial mutation]
152256 | Lair:1   | Gained mutation: You are partially covered in yellow scales (AC +2). [potion of beneficial mutation]
152257 | Lair:1   | Gained mutation: You are partially covered in rough black scales (AC +4, Dex -1). [potion of beneficial mutation]
152914 | Elf:2    | Bought a bread ration for 50 gold pieces
152914 | Elf:2    | Bought a bread ration for 50 gold pieces
152914 | Elf:2    | Bought a meat ration for 50 gold pieces
152914 | Elf:2    | Bought a meat ration for 50 gold pieces
154445 | Zot:5    | Noticed an ancient lich
154453 | Zot:5    | Killed an ancient lich
155741 | Pan      | Entered Pandemonium
155833 | Pan      | Noticed Schottel the pandemonium lord
155854 | Pan      | Killed Schottel the pandemonium lord
156074 | Pan      | Received a gift from Okawaru
156180 | Pan      | Found an exit through the horrors of the Abyss.
156405 | Pan      | Noticed Ycyu the pandemonium lord
156419 | Pan      | Killed Ycyu the pandemonium lord
156506 | Pan      | Received a gift from Okawaru
156541 | Pan      | Noticed Orunt the pandemonium lord
156572 | Pan      | Killed Orunt the pandemonium lord
156767 | Pan      | Noticed Pophoxt the pandemonium lord
156785 | Pan      | Killed Pophoxt the pandemonium lord
156978 | Pan      | Got a demonic rune of Zot
157380 | Pan      | Noticed Yzi Vil the pandemonium lord
157593 | Pan      | Found an exit through the horrors of the Abyss.
157684 | Pan      | Received a gift from Okawaru
157715 | Pan      | Identified a +1 pair of boots of running (Okawaru gifted it to you in Pandemonium)
157757 | Pan      | Found an exit through the horrors of the Abyss.
158375 | Pan      | Entered the realm of Cerebov.
158834 | Pan      | Got a warped brass ring
158835 | Pan      | Identified the cursed ring "Xixid" {rC++ AC-2} (You found it in Pandemonium)
159076 | Pan      | Noticed Cerebov
159117 | Pan      | Got a fiery rune of Zot
159363 | Pan      | Noticed Weamian the pandemonium lord
159382 | Pan      | Killed Weamian the pandemonium lord
159477 | Pan      | Found a gateway to a ziggurat.
159900 | Pan      | Received a gift from Okawaru
159903 | Pan      | Got a pair of crude boots {god gift}
159904 | Pan      | Identified the -3 pair of boots "Shruos Orimn" {rF+ rC++ Curse} (Okawaru gifted it to you in Pandemonium)
159913 | Pan      | Found an exit through the horrors of the Abyss.
159955 | Pan      | Entered the realm of Lom Lobon.
160816 | Pan      | Noticed Lom Lobon
160843 | Pan      | Killed Lom Lobon
160873 | Pan      | Got a magical rune of Zot
161325 | Pan      | Found an exit through the horrors of the Abyss.
161478 | Pan      | Entered the realm of Gloorx Vloq.
161525 | Pan      | Reached skill level 27 in Fighting
161530 | Pan      | Noticed Gloorx Vloq
161547 | Pan      | Reached skill level 1 in Dodging
161788 | Pan      | Found an exit through the horrors of the Abyss.
161871 | Pan      | Received a gift from Okawaru
161940 | Pan      | Got a dark rune of Zot
161966 | Pan      | Reached skill level 5 in Dodging
162112 | Pan      | Entered the realm of Mnoleg.
162268 | Pan      | Found an exit through the horrors of the Abyss.
162586 | Pan      | Noticed Mnoleg
162614 | Pan      | Killed Mnoleg
162666 | Pan      | Got a glowing rune of Zot
162789 | Pan      | Paralysed by a giant eyeball for 2 turns
162801 | Pan      | Paralysed by a giant eyeball for 2 turns
162818 | Pan      | Took an exit into the Abyss.
162818 | Abyss:1  | Escaped into the Abyss
162923 | Depths:1 | Escaped the Abyss
163535 | Zot:5    | Reached skill level 10 in Dodging
163566 | Zot:5    | Got the Orb of Zot
163593 | Zot:4    | Noticed Pnepyh the pandemonium lord
163599 | Zot:4    | Killed Pnepyh the pandemonium lord
163599 | Zot:4    | Received a gift from Okawaru
164044 | D:14     | Gained mutation: Armour fits poorly on your strangely shaped body. [mutagenic glow]
164151 | D:11     | Gained mutation: You heal slowly when monsters are visible. [mutagenic glow]
164256 | D:9      | Gained mutation: You are weak. (Str -2) [mutagenic glow]
164264 | D:9      | Noticed Citim the pandemonium lord
164270 | D:9      | Gained mutation: You do not heal naturally when monsters are visible. [a neqoxec]
164402 | D:2      | Gained mutation: You tend to lose your temper in combat. [mutagenic glow]
164475 | D:1      | Gained mutation: Your magical capacity is low (-10% MP). [mutagenic glow]
164477 | D:1      | yeeeeeessssss
164478 | D:$      | Escaped with the Orb!

Action                   |  1- 3 |  4- 6 |  7- 9 | 10-12 | 13-15 | 16-18 | 19-21 | 22-24 | 25-27 || total
-------------------------+-------+-------+-------+-------+-------+-------+-------+-------+-------++-------
Melee: War axe           |   110 |   153 |   200 |       |       |       |       |       |       ||   463
       Broad axe         |       |       |   443 |   100 |       |       |       |       |       ||   543
       Battleaxe         |       |       |       |   800 |  2525 |  1953 |   181 |  1288 |  8995 || 15742
       Rod               |       |       |       |       |     9 |       |       |       |       ||     9
       Mace              |       |       |       |       |    14 |    70 |       |       |       ||    84
       Glaive            |       |       |       |       |       |     1 |     8 |     3 |    35 ||    47
       Executioner's axe |       |       |       |       |       |    92 |  1687 |   446 |       ||  2225
       Great mace        |       |       |       |       |       |       |       |       |   666 ||   666
       Unarmed           |       |       |       |       |       |       |       |       |    15 ||    15
 Fire: Blowgun           |       |       |       |     3 |       |       |       |       |       ||     3
Throw: Javelin           |       |       |       |       |       |     2 |     9 |       |    12 ||    23
 Cast: Repel Missiles    |       |       |       |       |     1 |    13 |    13 |    14 |    49 ||    90
       Haste             |       |       |       |       |       |       |       |       |    25 ||    25
       Apportation       |       |       |       |       |       |       |       |       |    16 ||    16
       Swiftness         |       |       |       |       |       |       |       |       |    10 ||    10
       Controlled Blink  |       |       |       |       |       |       |       |       |     9 ||     9
       Control Teleport  |       |       |       |       |       |       |       |       |     9 ||     9
       Phase Shift       |       |       |       |       |       |       |       |       |     6 ||     6
       Summon Butterflie |       |       |       |       |       |       |       |       |     1 ||     1
Invok: Heroism           |       |       |     4 |    19 |    32 |    17 |    20 |    23 |    38 ||   153
       Finesse           |       |       |       |     8 |     9 |     5 |     2 |     7 |    30 ||    61
 Abil: Fly               |       |       |       |       |     4 |     2 |       |       |     6 ||    12
       Stop Flying       |       |       |       |       |     4 |     2 |       |       |     6 ||    12
       Evoke Berserk Rag |       |       |       |       |       |     1 |       |       |     1 ||     2
       Evoke Jump Attack |       |       |       |       |       |       |       |       |     1 ||     1
Evoke: Wand              |       |     4 |       |     3 |    59 |     8 |       |     1 |    39 ||   114
       Horn of Geryon    |       |       |       |       |       |       |       |       |     1 ||     1
  Use: Scroll            |     5 |     2 |     5 |     6 |    13 |    18 |    11 |    10 |    91 ||   161
       Potion            |     1 |       |     8 |     7 |     5 |    12 |     5 |     4 |    44 ||    86
 Stab: Invisible         |       |       |     1 |       |       |       |       |       |       ||     1
       Paralysed         |       |       |       |       |    10 |       |       |       |       ||    10
       Distracted        |       |       |       |       |       |     1 |     1 |     1 |     5 ||     8
       Confused          |       |       |       |       |       |       |       |       |     3 ||     3
       Sleeping          |       |       |       |       |       |       |       |       |     2 ||     2
  Eat: Chunk             |       |     4 |     5 |    23 |    36 |    26 |    32 |    10 |    31 ||   167
       Beef jerky        |       |     1 |     1 |     2 |       |       |       |     1 |     1 ||     6
       Bread ration      |       |       |     4 |       |     4 |     4 |       |     2 |    25 ||    39
       Pizza             |       |       |     1 |     1 |     2 |     2 |       |       |     2 ||     8
       Fruit             |       |       |       |       |     4 |       |     8 |     4 |    35 ||    51
       Meat ration       |       |       |       |       |     2 |     1 |     2 |     5 |    27 ||    37
       Royal jelly       |       |       |       |       |       |       |       |       |    15 ||    15
